Map: Moonlight Madness LE (Void)

Players

MaHi

  • Race: Protoss Protoss
  • League: Bronze

Avengor - Winner!

  • Race: Zerg Zerg
  • League: Bronze

VOD

Have the link to the VOD?

Description

Time

  • Played on: Sept. 20, 2015, 5:58 p.m.
  • Length: 22:37
Show
View Real Time Build Order
Export as new Build Order

MaHi Protoss 

Build Orders:  

Get SALT Encoding   

  12  0:01  Probe (Chrono Boost)  
  13  0:11  Probe (Chrono Boost)  
  14  0:18  Pylon  
  14  0:21  Probe (Chrono Boost)  
  15  0:37  Gateway  
  15  0:38  Probe (Chrono Boost)  
  16  0:48  Probe (Chrono Boost), Assimilator  
  17  0:58  Probe (Chrono Boost)  
  17  1:01  Pylon  
  18  1:08  Probe (Chrono Boost)  
  19  1:17  Probe (Chrono Boost)  
  20  1:25  Cybernetics Core  
  20  1:27  Probe (Chrono Boost)  
  20  1:28  Zealot  
  23  1:37  Probe (Chrono Boost)  
  24  1:54  Warp Gate (Chrono Boost)  
  24  1:56  Assimilator  
  24  2:15  Nexus  
  24  2:16  Pylon  
  24  2:18  Mothership Core  
  26  2:24  Adept  
  28  2:41  Probe  
  29  2:57  Probe  
  29  3:20  Gateway  
  29  3:22  Gateway  
  29  3:25  Pylon  
  29  3:27  Robotics Facility  
  29  3:34  Forge  
  29  3:37  Probe, Pylon  
  31  3:41  Probe  
  31  3:47  Probe  
  31  3:51  Assimilator  
  31  3:53  Probe  
  33  4:15  Zealot  
  35  4:36  Stalker, Probe  
  35  4:37  Protoss Ground Weapons Level 1  
  35  4:38  Probe  
  37  4:42  Observer  
  38  4:46  Probe  
  39  4:56  Probe  
  40  5:06  Probe  
  40  5:08  Stalker  
  40  5:09  Zealot  
  40  5:10  Sentry  
  40  5:13  Pylon  
  47  5:16  Probe  
  47  5:19  Robotics Bay  
  48  5:24  Pylon  
  48  5:29  Probe  
  48  5:31  Probe  
  50  5:39  Probe, Assimilator  
  51  5:51  Zealot  
  51  5:52  Stalker, Sentry, Nexus  
  51  5:53  Pylon  
  57  5:58  Probe  
  58  6:07  Disruptor  
  58  6:08  Probe  
  62  6:17  Pylon  
  62  6:21  Probe  
  62  6:23  Probe  
  64  6:27  Sentry  
  64  6:31  Probe  
  66  6:34  Pylon  
  66  6:35  Probe, Assimilator  
  68  6:41  Assimilator  
  67  6:55  Protoss Ground Armor Level 1 (Chrono Boost)  
  67  7:00  Stalker, Zealot x2  
  73  7:18  Probe  
  74  7:27  Probe x2  
  74  7:28  Probe  
  76  7:35  Robotics Facility  
  77  7:37  Gateway  
  77  7:38  Gateway  
  77  7:47  Probe  
  77  7:48  Probe  
  77  7:49  Probe  
  80  7:57  Probe, Gateway  
  80  7:58  Photon Cannon  
  80  8:03  Photon Cannon  
  81  8:05  Photon Cannon  
  81  8:07  Probe  
  81  8:08  Pylon  
  82  8:17  Probe  
  83  8:27  Probe  
  83  8:29  Disruptor (Chrono Boost)  
  84  8:34  Disruptor (Chrono Boost)  
  84  8:35  Protoss Shields Level 1 (Chrono Boost)  
  84  8:37  Probe  
  84  8:39  Pylon  
  91  8:47  Probe  
  92  8:58  Stalker x2, Disruptor  
  92  8:59  Stalker  
  92  9:00  Stalker x2  
  102  9:09  Disruptor  
  108  9:43  Nexus  
  108  9:45  Probe, Assimilator  
  108  9:46  Disruptor  
  108  9:47  Probe x2  
  108  9:49  Assimilator  
  108  9:52  Pylon x2  
  111  9:53  Disruptor  
  111  9:57  Stargate  
  111  9:59  Pylon  
  117  10:07  Photon Cannon  
  117  10:10  Zealot x2, Pylon  
  117  10:11  Zealot x3  
  93  11:07  Zealot x2  
  93  11:08  Zealot x3  
  103  11:28  Zealot  
  103  11:29  Zealot  
  103  11:30  Zealot  
  103  11:31  Zealot  
  103  11:32  Zealot  
  112  11:56  Pylon  
  112  11:58  Probe  
  113  12:08  Probe  
  113  12:12  Pylon  
  114  12:15  Photon Cannon  
  114  12:17  Photon Cannon  
  114  12:18  Probe  
  114  12:21  Photon Cannon  
  115  12:28  Probe  
  115  12:32  Pylon  
  115  12:35  Stalker  
  115  12:36  Zealot x4  
  126  12:37  Extended Thermal Lance (Chrono Boost)  
  126  12:38  Probe  
  126  12:39  Colossus  
  126  12:40  Colossus  
  121  13:19  Stalker  
  117  13:20  Stalker x3  
  117  13:21  Stalker  
  123  13:43  Disruptor x2  
  129  14:03  Twilight Council  
  129  14:18  Protoss Ground Weapons Level 2  
  129  14:23  Stalker, Zealot x2  
  129  14:24  Zealot x2  
  139  14:32  Disruptor x2 (Chrono Boost)  
  145  14:50  Charge  
  145  15:00  Photon Cannon x2  
  145  15:02  Photon Cannon  
  145  15:03  Colossus x2 (Chrono Boost)  
  145  15:04  Pylon x2  
  145  15:06  Pylon  
  157  15:18  Stalker  
  157  15:19  Sentry x2, Nexus  
  157  15:20  Sentry x2  
  161  15:48  Observer x2 (Chrono Boost)  
  163  15:54  Forge  
  155  16:03  Zealot  
  155  16:04  Stalker, Zealot  
  155  16:05  Stalker x2  
  163  16:11  Assimilator  
  163  16:16  Assimilator  
  163  16:17  Disruptor (Chrono Boost)  
  163  16:18  Disruptor (Chrono Boost)  
  166  17:03  Protoss Ground Weapons Level 3  
  164  17:10  Stalker x5  
  174  17:20  Gateway x2  
  174  17:28  Gateway, Zealot  
  174  17:29  Gateway  
  176  17:30  Gateway  
  176  17:35  Protoss Ground Armor Level 2  
  176  17:42  Colossus x2 (Chrono Boost)  
  176  17:49  Zealot x2  
  176  17:50  Stalker, Zealot  
  176  17:51  Stalker  
  198  17:52  Sentry  
  128  18:54  Disruptor (Chrono Boost)  
  128  18:55  Disruptor (Chrono Boost)  
  134  19:09  Zealot  
  136  19:10  Zealot x3  
  136  19:11  Zealot x2  
  100  19:52  Immortal x2 (Chrono Boost)  
  74  19:54  Zealot  
  74  19:55  Zealot x5  
  89  20:10  Void Ray  
  93  20:19  Stalker x3  
  93  20:20  Stalker  
  101  20:22  Zealot  
  101  20:23  Zealot x2  
  101  20:24  Zealot  
  79  20:40  Zealot x3  
  52  20:52  Immortal (Chrono Boost)  
  52  20:54  Immortal (Chrono Boost)  
  60  21:02  Stalker  
  60  21:03  Stalker, Zealot  
  60  21:04  Zealot x3  
  68  21:05  Zealot x2  
  76  21:14  Oracle (Chrono Boost)  
  63  21:20  Zealot x2  
  63  21:25  Colossus  
  54  21:28  Colossus  
  60  21:38  Zealot x2  
  60  21:39  Zealot x3  
  50  21:52  Void Ray (Chrono Boost)  
Show
View Real Time Build Order
Export as new Build Order

Avengor Zerg - Winner!

Build Orders: Hatch First 

Get SALT Encoding   

  12  0:02  Drone  
  13  0:14  Overlord  
  13  0:23  Drone  
  14  0:30  Extractor  
  14  0:33  Drone  
  14  0:34  Drone  
  15  0:40  Drone  
  16  0:48  Drone  
  17  1:04  Drone  
  17  1:06  Hatchery  
  17  1:10  Drone  
  18  1:16  Extractor  
  17  1:28  Spawning Pool  
  17  1:31  Drone  
  17  1:35  Drone  
  18  1:42  Drone  
  19  1:51  Overlord  
  19  2:14  Queen  
  21  2:15  Zergling x2  
  21  2:16  Zergling x2  
  23  2:23  Drone  
  23  2:24  Zergling x2  
  23  2:29  Metabolic Boost  
  25  2:39  Roach Warren  
  25  2:44  Drone  
  25  2:48  Drone  
  26  2:52  Drone  
  27  3:06  Drone x2  
  27  3:07  Drone  
  27  3:09  Drone  
  31  3:14  Drone  
  32  3:23  Drone  
  32  3:24  Drone  
  34  3:34  Overlord  
  34  3:36  Drone  
  34  3:39  Overlord  
  34  3:40  Overlord  
  35  3:55  Drone x5  
  39  4:14  Zergling x6  
  42  4:31  Roach x3  
  46  4:36  Queen  
  50  4:55  Drone  
  50  4:56  Drone x4  
  55  5:00  Hatchery  
  55  5:02  Overlord  
  54  5:08  Overlord  
  54  5:12  Queen  
  56  5:21  Evolution Chamber  
  56  5:22  Drone  
  56  5:23  Drone x5  
  61  5:32  Hatchery  
  60  5:40  Roach  
  60  5:41  Roach x3  
  68  5:46  Drone x4  
  72  6:01  Zerg Missile Weapons Level 1  
  72  6:02  Evolution Chamber  
  72  6:03  Lair  
  71  6:14  Drone x8  
  79  6:26  Zergling x6  
  79  6:28  Overlord x5  
  79  6:29  Overlord  
  82  6:49  Roach x4  
  90  7:06  Extractor  
  90  7:07  Extractor  
  85  7:13  Hydralisk Den  
  83  7:16  Infestation Pit  
  82  7:27  Roach  
  82  7:28  Roach x15  
  113  7:40  Extractor  
  113  7:42  Extractor  
  111  7:44  Hydralisk x3  
  111  7:45  Hydralisk x5  
  127  7:53  Hatchery  
  126  8:01  Overlord  
  126  8:02  Overlord x5  
  128  8:20  Hydralisk x4, Roach x4  
  142  8:30  Ravager  
  142  8:31  Ravager x5  
  148  8:39  Hydralisk  
  150  8:44  Zergling x16  
  150  8:45  Zergling x12  
  164  9:07  Roach x3  
  164  9:08  Roach x2  
  174  9:12  Overseer  
  174  9:43  Overlord x7  
  174  9:44  Overlord  
  174  9:52  Overlord  
  174  9:59  Pathogen Glands  
  174  10:00  Spire  
  173  10:12  Ravager  
  173  10:13  Ravager  
  173  10:14  Ravager  
  176  10:15  Hydralisk  
  116  10:41  Hydralisk  
  116  10:42  Hydralisk x7  
  118  10:43  Hydralisk  
  118  10:46  Zergling x24  
  118  10:47  Zergling x24  
  149  11:12  Roach  
  149  11:13  Roach x8  
  143  11:52  Drone  
  143  11:53  Drone x18  
  143  11:54  Drone  
  163  12:09  Ravager x4  
  163  12:10  Ravager x4  
  171  12:23  Extractor  
  171  12:24  Extractor  
  169  12:30  Hatchery  
  169  12:35  Drone  
  169  12:36  Drone x7  
  169  12:37  Drone  
  179  12:51  Hydralisk, Roach x3  
  179  12:52  Hydralisk, Roach x4  
  192  13:10  Hydralisk, Roach  
  192  13:11  Hydralisk x3, Roach x4  
  139  13:20  Roach x4  
  139  13:21  Roach  
  138  13:38  Hydralisk, Roach x2  
  138  13:39  Hydralisk x3, Roach x3  
  156  13:43  Queen  
  158  14:06  Hydralisk x3  
  158  14:07  Hydralisk x6  
  158  14:08  Hydralisk x2  
  180  14:15  Hive  
  180  14:20  Zerg Missile Weapons Level 2  
  180  14:22  Zerg Ground Armor Level 1  
  180  14:23  Extractor  
  179  14:29  Ravager x2  
  179  14:30  Ravager x2  
  183  14:40  Drone x3  
  183  14:41  Extractor  
  183  14:44  Hydralisk, Roach x6  
  195  15:37  Corruptor  
  195  15:38  Corruptor  
  196  16:03  Corruptor  
  196  16:04  Corruptor  
  200  16:40  Greater Spire  
  200  16:44  Zerg Ground Armor Level 2  
  200  16:45  Zerg Missile Weapons Level 3, Ultralisk Cavern  
  188  17:08  Corruptor  
  188  17:09  Corruptor x5  
  200  17:48  Chitinous Plating  
  145  18:44  Ultralisk  
  145  18:45  Ultralisk x4  
  145  18:48  Zergling x32  
  144  18:49  Zergling x28  
  144  18:54  Zergling x2  
  144  18:55  Zergling x22  
  160  19:00  Zerg Melee Weapons Level 1  
  152  19:12  Ultralisk x3  
  152  19:13  Ultralisk x4  
  194  19:22  Ultralisk  
  191  19:43  Ultralisk x2  
  191  19:45  Zergling x2  
  182  19:46  Zergling x36  
  182  19:47  Zergling x4  
  182  19:48  Zergling x2  
  182  19:49  Zergling x10  
  200  20:12  Ultralisk  
  194  20:35  Corruptor x6  
  193  21:05  Corruptor x3  
  185  21:23  Ultralisk x2  
  195  21:40  Brood Lord x2  
  195  21:41  Brood Lord  
  195  21:42  Corruptor x3  
Tags
 
Add a new tag
Caveats
  • Supply blocks, unpowered buildings, or Contaminate may cause inaccurate times.
  • Supply counts are checked every 10 seconds.